 Dungeon Crawl Stone Soup version 0.28.0 (webtiles) character file.

Game seed: 13221429299783986228

384 RepoMan the Magician (level 6, -15/41 HPs)
             Began as a Mummy Fire Elementalist on Feb 8, 2022.
             Demolished by a two-headed ogre (22 damage)
             ... on level 5 of the Dungeon.
             The game lasted 00:18:34 (4515 turns).

RepoMan the Magician (Mummy Fire Elementalist)      Turns: 4515, Time: 00:18:35

Health: -15/41     AC: 14    Str: 11    XL:     6   Next: 47%
Magic:  12/12      EV: 10    Int: 16    God:
Gold:   258        SH:  4    Dex: 13    Spells: 8/14 levels left

rFire   . . .      SeeInvis .   b - +2 dagger (venom)
rCold   + . .      Faith    .   h - +0 buckler
rNeg    + + +      Spirit   .   r - +5 ring mail "Ikamyfih" {rF+}
rPois   ∞          Reflect  .   (no helmet)
rElec   .          Harm     .   a - +1 cloak {Will+}
rCorr   .          Rampage  .   q - +0 pair of gloves {hurl}
Will    +....                   j - +0 pair of boots
Stlth   +.........              n - amulet of magic regeneration
HPRegen 0.13/turn               (no ring)
MPRegen 0.53/turn               (no ring)

@: no status effects
A: cold resistance 1, negative energy resistance 3, torment resistance 2, heat
vulnerability 1, no potions
a: no special abilities


You were on level 5 of the Dungeon.
You visited 1 branch of the dungeon, and saw 5 of its levels.

You collected 258 gold pieces.

Inventory:

Hand Weapons
 b - a +2 dagger of venom (weapon)
 f - a +4 quarterstaff of chaos
Missiles
 l - 2 silver javelins
Armour
 a - a +1 cloak of willpower (worn)
 h - a +0 buckler (worn)
 j - a +0 pair of boots (worn)
 q - a +0 pair of gloves of hurling (worn)
 r - the +5 ring mail "Ikamyfih" (worn) {rF+}
   (You found it on level 4 of the Dungeon)

   rF:        It protects you from fire.
Jewellery
 i - an amulet of guardian spirit
 n - an amulet of magic regeneration (around neck)
Wands
 d - a wand of polymorph (4)
 g - a wand of iceblast (5)
Scrolls
 c - 6 scrolls of identify {unknown}
 e - 3 scrolls of fog
 m - a scroll of silence {unknown}
 o - a scroll of acquirement {unknown}
 p - a scroll of enchant weapon {unknown}


   Skills:
 + Level 0.1 Armour
 - Level 1.5 Dodging
 - Level 1.5 Stealth
 + Level 1.4 Shields
 + Level 4.5 Spellcasting
 + Level 2.5 Conjurations
 * Level 4.4 Fire Magic


You had 8 spell levels left.
You knew the following spells:

 Your Spells              Type           Power      Damage    Failure   Level
c - Conjure Flame         Conj/Fire      14%        6-21      36%         3
f - Foxfire               Conj/Fire      56%        2x1d6     13%         1
r - Scorch                Fire           36%        2d7       13%         2

Your spell library contained the following spells:

 Spells                   Type           Power      Damage    Failure   Level
 Animate Skeleton         Necr           6%         N/A       47%         1
 Pain                     Necr           12%        1d4       47%         1
 Inner Flame              Hex/Fire       10%        N/A       54%         3
 Ignite Poison            Fire/Tmut/Pois 8%         N/A       65%         3
 Flame Wave               Conj/Fire      14%        2d6       77%         4
 Sticky Flame             Conj/Fire      14%        2d4       77%         4
 Ozocubu's Armour         Ice            3%         N/A       85%         3
 Vampiric Draining        Necr           3%         2d6       85%         3
 Fulminant Prism          Conj/Hex       3%         3d6       97%         4
 Iskenderun's Mystic Bla  Conj/Tloc      7%         2d4       97%         4
 Lee's Rapid Deconstruct  Erth           1%         3d5*      100%        5
 Ozocubu's Refrigeration  Ice            1%         4d5       100%        7


Dungeon Overview and Level Annotations

Branches:
Dungeon (5/15)
 Temple: D:4-7

Altars:


Innate Abilities, Weirdness & Mutations

You are immune to poison.
Your flesh is cold resistant. (rC+)
You are immune to negative energy. (rN+++)
You are immune to unholy pain and torment.
You are vulnerable to heat. (rF-)
You do not drink.


Message History

Your foxfire dissipates! x2
Magic restored.
Your foxfire dissipates!
You now have 243 gold pieces (gained 9).
You now have 258 gold pieces (gained 15).
Found Ozocubu's Autobiography.
You see here Ozocubu's Autobiography.
c - 6 scrolls labelled UWEMOU YVASCH (gained 1)
g - a wand of iceblast (5)
A two-headed ogre comes into view.
It is wielding a +0 giant spiked club and a +0 giant club.
The two-headed ogre shouts in stereo!
You hear a shout!
Unknown command.
Aiming: Polymorph
Press: ? - help, Shift-Dir - straight line, f - two-headed ogre
Aim: a two-headed ogre, wielding a +0 giant spiked club and a +0 giant club (will become a glowing orange brain, an orb spider, or a death drake, chance to affect: 31%)
Okay, then.
Unknown command.
Unknown command.
Okay, then.
Okay, then.
Unknown command.
The two-headed ogre misses you.
The two-headed ogre hits you with a +0 giant club!
An ogre comes into view. It is wielding a +0 giant club.
The two-headed ogre barely misses you. The two-headed ogre closely misses you.
The two-headed ogre hits you with a +0 giant spiked club!
The two-headed ogre hits you with a +0 giant club!
* * * LOW HITPOINT WARNING * * *
You see here Ozocubu's Autobiography.
As you read the scroll labelled FEGGAPHOUM, it crumbles to dust.
The scroll dissolves into smoke.
It was a scroll of fog.
The two-headed ogre hits you but does no damage.
You block the two-headed ogre's attack.
As you read the scroll labelled NAZ KENUSUCREXENT, it crumbles to dust.
You speak a Word of immense power!
You are blasted by holy energy!
* * * LOW HITPOINT WARNING * * *
It was a scroll of holy word.
The two-headed ogre hits you with a +0 giant spiked club!!
Ouch! That really hurt!
You die...

#..........# ######O#.#
#..........# #........#
#..........# #........#
#..........# #........#
#..........# ###....#.#
#..........# #....#.#
#..........# ####.#O#
##########.# #.#.# #@# #.#.#
#O# #.#.# ###############§#
#.#.# #.....§§§O§§§§§§# #.#
##.#######################.#
#.# #.O.....O......#
#O###### #.##############
#.#....# #.# #.##.#.# #.#


You could see a two-headed ogre.

Vanquished Creatures
  A sky beast (D:3)
  A scorpion (D:4)
  A jelly (D:5)
  Crazy Yiuf (D:2)
  Terence (D:3)
  An orc wizard (D:3)
  Robin (D:2)
  An adder (D:2)
  A shadow imp (D:5)
  A dart slug (D:3)
  4 orcs (D:3)
  6 endoplasms
  A giant cockroach (D:1)
  17 goblins
  10 hobgoblins
  A jackal (D:3)
  2 quokkas (D:2)
  14 ball pythons
  8 bats
  3 frilled lizards
  15 kobolds
  2 rats
93 creatures vanquished.

Vanquished Creatures (others)
  220 foxfires
  2 plants (D:4)
222 creatures vanquished.

Grand Total: 315 creatures vanquished

Notes
Turn   | Place    | Note
-------+----------+-------------------------------------------
     0 | D:1      | RepoMan the Mummy Fire Elementalist began the quest for the
                  | Orb.
     0 | D:1      | Reached XP level 1. HP: 13/13 MP: 4/4
   147 | D:1      | Reached skill level 1 in Conjurations
   226 | D:1      | Reached XP level 2. HP: 19/19 MP: 2/5
   229 | D:1      | Learned a level 2 spell: Scorch
   575 | D:1      | Reached XP level 3. HP: 23/24 MP: 3/7
   610 | D:1      | Learned a level 3 spell: Conjure Flame
  1237 | D:2      | Found a faded altar of an unknown god.
  1615 | D:2      | Noticed Robin
  1638 | D:2      | Reached XP level 4. HP: 30/30 MP: 3/9
  1645 | D:2      | Killed Robin
  1779 | D:2      | Found a runed translucent door.
  1780 | D:2      | Noticed Crazy Yiuf
  2101 | D:2      | Killed Crazy Yiuf
  2357 | D:3      | Noticed Terence
  2363 | D:3      | Killed Terence
  2364 | D:3      | Reached XP level 5. HP: 35/35 MP: 3/10
  2835 | D:3      | Noticed a sky beast
  2842 | D:3      | Killed a sky beast
  2843 | D:3      | Reached skill level 1 in Shields
  2843 | D:3      | Reached XP level 6. HP: 41/41 MP: 4/12
  3622 | D:4      | Identified the +5 ring mail "Ikamyfih" {rF+}
  4243 | D:5      | Entered Level 5 of the Dungeon
  4424 | D:5      | Noticed a two-headed ogre
  4515 | D:5      | Demolished by a two-headed ogre

Illustrated notes

Levels and vault maps discovered:
D:1:      grunt_arrival_crossed_arrows, layout_rooms
D:2:      layout_loops_cross, hellmonk_ecumenical_altar_crossroads,
          uniq_crazy_yiuf_cottage, uniq_robin
D:3:      kennysheep_six_static_rooms, layout_rooms, minmay_puff, uniq_terence
D:4:      layout_loops_corners, saegor_snake_ambush
D:5:      layout_basic, nicolae_overflow_crystal_walls,
          hangedman_abyss_or_decor_jellyfish_corner

Skill      XL: |  1  2  3  4  5 |
---------------+----------------+-----
Conjurations   | 1 2 |  2.5
Spellcasting   | 3 4 |  4.5
Fire Magic     | 3 4 |  4.4
Shields        | 1 |  1.4
Armour         | |  0.1
Dodging        | |  1.5
Stealth        | |  1.5

Action                   |  1- 3 |  4- 6 || total
-------------------------+-------+-------++-------
Melee: Dagger            |    16 |    25 ||    41
 Cast: Foxfire           |    69 |    64 ||   133
       Scorch            |       |     6 ||     6
  Use: Scroll            |       |     2 ||     2
 Stab: Sleeping          |     1 |     1 ||     2
Armor: Robe              |     7 |     6 ||    13
       Ring mail         |       |     2 ||     2
Dodge: Dodged            |    28 |    26 ||    54
Block: Buckler           |       |     6 ||     6
